 Dungeon Crawl Stone Soup version 0.29-a0-982-gaed3a0c8d8 (webtiles) character file.

Game seed: 15175205155130859408

3332 jfcaron the Spear-Bearer (level 10, -3/64 HPs)
             Began as a Gnoll Chaos Knight on Aug 1, 2022.
             Was a Plaything of Xom.
             Slain by a culicivora (shapeshifter) (18 damage)
             ... on level 7 of the Dungeon.
             The game lasted 00:26:48 (9185 turns).

jfcaron the Spear-Bearer (Gnoll Chaos Knight)       Turns: 9185, Time: 00:26:49

Health: -3/64      AC: 13    Str: 14 (16) XL:     10   Next: 2%
Magic:  17/17      EV: 11    Int: 17 (18) God:    Xom [..*...]
Gold:   72         SH:  4    Dex:  8 (9)  Spells: 19/19 levels left

rFire   . . .      SeeInvis .   a - +0 spear (chaos)
rCold   . . .      Faith    .   q - +0 buckler
rNeg    . . .      Spirit   .   v - +4 ring mail {Will+}
rPois   .          Reflect  .   (no helmet)
rElec   .          Harm     .   (no cloak)
rCorr   .          Rampage  .   x - +0 pair of gloves
Will    +....                   m - +0 pair of boots
Stlth   ++........              (no amulet)
HPRegen 0.20/turn               d - +6 ring of intelligence
MPRegen 0.15/turn               (no ring)

@: unable to read
A: fangs 1, strong nose, distributed training, clumsy 1, deterioration 2, frail
2, inability to read while threatened 1
a: Renounce Religion


You were on level 7 of the Dungeon.
You worshipped Xom.
You were a toy of Xom.
You visited 1 branch of the dungeon, and saw 7 of its levels.
You also visited: Sewer.

You collected 380 gold pieces.
You spent 308 gold pieces at shops.

Inventory:

Hand Weapons
 a - a +0 spear of chaos (weapon)
 g - a +2 dagger of pain
 C - a +0 trident
 G - a +3 dagger
Missiles
 e - 16 stones
 f - 3 poisoned darts
Armour
 b - a +2 leather armour
 l - a +0 plate armour
 m - a +0 pair of boots (worn)
 q - a +0 buckler (worn)
 v - a +4 ring mail of willpower (worn)
 x - a +0 pair of gloves (worn)
Magical Staves
 H - a staff of air
Jewellery
 d - a +6 ring of intelligence (left hand)
Wands
 F - a wand of charming (21)
Scrolls
 i - 4 scrolls of vulnerability
 j - a scroll of brand weapon
 w - 3 scrolls of enchant armour
 y - 2 scrolls of magic mapping
 A - a scroll of noise {unknown}
 D - a scroll of poison
 E - a scroll of enchant weapon {unknown}
Potions
 h - 2 potions of lignification
 k - a potion of curing
 n - 5 potions of attraction
 o - a potion of degeneration
 p - 4 potions of flight
 r - 2 potions of heal wounds
 s - 2 potions of might
 t - a potion of invisibility
 u - a potion of berserk rage
 z - a potion of mutation
 B - 3 potions of brilliance
 I - a potion of haste
Miscellaneous
 c - a piece from Xom's chessboard (15/15)


   Skills:
 + Level 8.3 Fighting
 + Level 5.0 Short Blades
 + Level 5.0 Long Blades
 + Level 5.0 Axes
 + Level 5.0 Maces & Flails
 + Level 8.3 Polearms
 + Level 5.0 Staves
 + Level 5.0 Ranged Weapons
 + Level 5.0 Throwing
 + Level 6.8 Armour
 + Level 5.7 Dodging
 + Level 5.0 Stealth
 + Level 5.0 Shields
 + Level 5.0 Unarmed Combat
 + Level 5.0 Spellcasting
 + Level 4.1 Conjurations
 + Level 4.1 Hexes
 + Level 4.1 Summonings
 + Level 4.1 Necromancy
 + Level 4.1 Translocations
 + Level 4.1 Transmutations
 + Level 4.1 Fire Magic
 + Level 4.1 Ice Magic
 + Level 4.1 Air Magic
 + Level 4.1 Earth Magic
 + Level 4.1 Poison Magic
 + Level 5.5 Invocations
 + Level 5.0 Evocations


You had 19 spell levels left.
You didn't know any spells.
Your spell library contained the following spells:

 Spells                   Type           Power      Damage    Failure   Level
 Foxfire                  Conj/Fire      72%        2x1d7     6%          1
 Magic Dart               Conj           72%        1d6       6%          1
 Call Imp                 Summ           18%        N/A       10%         2
 Conjure Flame            Conj/Fire      18%        6-21      19%         3
 Inner Flame              Hex/Fire       18%        N/A       19%         3
 Mephitic Cloud           Conj/Pois/Air  18%        N/A       19%         3
 Flame Wave               Conj/Fire      18%        2d7       54%         4


Dungeon Overview and Level Annotations

Branches:
Dungeon (7/15)             Temple (0/1) D:7           Sewer (visited)

Altars:
Elyvilon
Nemelex Xobeh
Ru
Xom
Yredelemnul

Shops:
D:1 !   D:3 (

Annotations:
D:6 1 runed translucent door, Trash5's ghost, novice MiFi


Innate Abilities, Weirdness & Mutations

You have very sharp teeth.
Your uncanny sense of smell can sniff out nearby items.
Your experience applies equally to all skills.
You are clumsy. (Dex -2)
Your body often deteriorates upon taking damage.
You are very frail. (-20% HP)
You occasionally lose the ability to read scrolls when taking damage.


Message History

The culicivora barely misses your bullfrog.
Your orc closely misses the culicivora.
Your bullfrog closely misses the culicivora.
You feel your dexterity returning.
Your Short Blades skill increases to level 5!
Your Long Blades skill increases to level 5!
Your Axes skill increases to level 5!
Your Maces & Flails skill increases to level 5!
Your Staves skill increases to level 5!
Your Ranged Weapons skill increases to level 5!
Your Throwing skill increases to level 5!
Your Stealth skill increases to level 5!
Your Shields skill increases to level 5!
Your Unarmed Combat skill increases to level 5!
Your Spellcasting skill increases to level 5!
Your Evocations skill increases to level 5!
You have reached level 10!
What are your orders? t - Bark!
Orders for allies: a - Attack new target. r - Retreat! s - Stop attacking. g - Guard the area. f - Follow me.
Anything else - Cancel.
Gang up on whom?
Press: ? - help, Dir - move target, f - culicivora
Aim: a culicivora shaped shifter (lightly wounded, poisoned, ally target) Attack!
Xom's power touches on your mind for a moment.
The culicivora looks rather confused.
The orc looks rather confused.
The culicivora bites your bullfrog!!
Your bullfrog is killed!
Your orc hits the culicivora from afar with a +0 trident.
Unknown command.
You hit the culicivora but do no damage.
The culicivora looks even sicker.
The culicivora is moderately wounded.
You are engulfed in a cloud of scalding steam.
* * * LOW HITPOINT WARNING * * *
The culicivora bites you!!
You die...

***********,*** **.#, *
*,,,,,,,,,,* *#.*
***********,*,*******###*######.#
,,,** *,##*,,,,,,..,,........
**,,* #,#.,,,****.#***#.#....
,**,* **##.#..,,* ##.# #......
,**,****,......#**##..# #......
,+,,,,,,,.......###..######.....)
,*,,,∆,,,......§@s.oS...##.).....
,*,,*,,,,.......§§.†...........[.
**,**,,,,.....§.§........#.......
,,,**,*,,.>...........<...<......
,,,,,,,,,..#.##..#.........#.†.S.
,,,,,,*,,....#8...#...o.#..#.....
****,*,,,..#*##............#.....
,*,,,,,,*#.,,*#...........#######
,,,,,,*,**,*,*#..#.......## *


You could see a culicivora shaped shifter (confused, very poisoned, ally
target), an orc (confused), a friendly water moccasin (charmed, confused) and a
friendly orc (charmed).

Vanquished Creatures
  Grinder (D:5)
  Prince Ribbit (D:5)
  A steam dragon (D:7)
  Menkaure (D:4)
  An acid dragon (D:5)
  Duvessa (D:3)
  A water moccasin (D:7)
  The ghost of freelancePsychic the Gusty, an amateur VSAE (D:4)
  4 ice beasts
  2 black bears (D:6)
  An ogre (D:4)
  A centaur (D:5)
  6 phantoms
  2 bullfrogs
  A necrophage (D:5)
  4 scorpions
  4 wights
  Dowan (D:3)
  5 hounds
  2 iguanas
  Ijyb (D:5)
  A merfolk avatar (Sewer)
  A merfolk siren (Sewer)
  18 adders
  A river rat (Sewer)
  2 shadow imps (D:5)
  4 worms
  2 dart slugs
  19 orcs
  11 ball pythons
  3 endoplasms
  7 giant cockroaches
  3 goblins
  6 hobgoblins
  8 jackals
  8 kobolds
  4 quokkas
  4 bats
  5 frilled lizards
  25 rats
174 creatures vanquished.

Notes
Turn   | Place    | Note
-------+----------+-------------------------------------------
     0 | D:1      | jfcaron the Gnoll Chaos Knight began the quest for the Orb.
     0 | D:1      | Reached XP level 1. HP: 23/23 MP: 1/1
    43 | D:1      | Found Jewkil's Distillery.
   114 | D:1      | XOM: silly message
   133 | D:1      | Found a faded altar of an unknown god.
   140 | D:1      | Reached XP level 2. HP: 29/29 MP: 2/2
   593 | D:1      | XOM: silly message
   694 | D:1      | XOM: stat loss: -1 Int (16/17)
   753 | D:1      | XOM is BORED!
   753 | D:1      | XOM: torment (16/29 hp)
  1033 | D:1      | Bought a potion of curing for 33 gold pieces
  1056 | D:2      | XOM: 2-stop teleportation journey
  1065 | D:2      | XOM: divination: detect creatures
  1262 | D:2      | Reached XP level 3. HP: 35/35 MP: 2/4
  1523 | D:2      | Reached skill level 1 in Invocations
  1578 | D:2      | Reached skill level 1 in Short Blades
  1578 | D:2      | Reached skill level 1 in Long Blades
  1578 | D:2      | Reached skill level 1 in Axes
  1578 | D:2      | Reached skill level 1 in Maces & Flails
  1578 | D:2      | Reached skill level 1 in Staves
  1578 | D:2      | Reached skill level 1 in Ranged Weapons
  1578 | D:2      | Reached skill level 1 in Throwing
  1578 | D:2      | Reached skill level 1 in Stealth
  1578 | D:2      | Reached skill level 1 in Shields
  1578 | D:2      | Reached skill level 1 in Unarmed Combat
  1578 | D:2      | Reached skill level 1 in Spellcasting
  1578 | D:2      | Reached skill level 1 in Evocations
  1982 | D:2      | Reached XP level 4. HP: 41/41 MP: 5/5
  2229 | D:1      | Bought a potion of lignification for 33 gold pieces
  2519 | D:3      | Reached skill level 1 in Conjurations
  2519 | D:3      | Reached skill level 1 in Hexes
  2519 | D:3      | Reached skill level 1 in Summonings
  2519 | D:3      | Reached skill level 1 in Necromancy
  2519 | D:3      | Reached skill level 1 in Translocations
  2519 | D:3      | Reached skill level 1 in Transmutations
  2519 | D:3      | Reached skill level 1 in Fire Magic
  2519 | D:3      | Reached skill level 1 in Ice Magic
  2519 | D:3      | Reached skill level 1 in Air Magic
  2519 | D:3      | Reached skill level 1 in Earth Magic
  2519 | D:3      | Reached skill level 1 in Poison Magic
  2530 | D:3      | Found Lanoenar's Antique Weapon Shoppe.
  2903 | D:3      | Reached XP level 5. HP: 44/47 MP: 7/7
  3207 | D:3      | Found a white marble altar of Elyvilon.
  3353 | D:1      | Bought a potion of heal wounds for 55 gold pieces
  3353 | D:1      | Bought a potion of heal wounds for 55 gold pieces
  3422 | D:3      | XOM: god gift: wand of charming (3)
  3443 | D:4      | Noticed Duvessa
  3443 | D:4      | Noticed Dowan
  3457 | D:3      | XOM: summons 3 friendly demons
  3484 | D:3      | XOM: enchant monster (good)
  3487 | D:3      | Killed Duvessa
  3488 | D:3      | Reached XP level 6. HP: 18/53 MP: 8/8
  3488 | D:3      | Killed Dowan
  3489 | D:3      | Reached skill level 5 in Armour
  3508 | D:4      | XOM: god gift: scroll labelled UKOTEN GANG {god gift}
  3508 | D:4      | Noticed Menkaure
  3514 | D:4      | XOM: divination: detect creatures
  3516 | D:4      | HP: 9/53 [??? (7)]
  3518 | D:4      | XOM: cast spell 'Chain of Chaos'
  3525 | D:4      | Killed Menkaure
  3526 | D:4      | Reached XP level 7. HP: 12/60 MP: 10/10
  3569 | D:4      | XOM: divination: detect creatures
  3573 | D:4      | Found a runed translucent door.
  3591 | D:4      | Noticed freelancePsychic's ghost (amateur VSAE)
  3612 | D:4      | HP: 10/60 [freelancePsychic's ghost/the air (7)]
  3617 | D:4      | XOM: 2-stop teleportation journey
  3754 | D:4      | Killed freelancePsychic's ghost
  3841 | D:4      | Found a glowing drain.
  3851 | Sewer    | Entered a sewer
  3987 | Sewer    | XOM: give mutation
  3987 | Sewer    | Gained mutation: You are frail. (-10% HP) [Xom's mischief]
  4122 | Sewer    | XOM: stat loss: -1 Str (13/14)
  4610 | D:1      | Bought a potion of mutation for 88 gold pieces
  4610 | D:1      | Bought a potion of might for 44 gold pieces
  4718 | D:4      | XOM: give mutations
  4718 | D:4      | Lost mutation: You are frail. (-10% HP) [Xom's mischief]
  4718 | D:4      | Gained mutation: You occasionally lose the ability to read
                  | scrolls when taking damage. [Xom's mischief]
  4718 | D:4      | Gained mutation: You are frail. (-10% HP) [Xom's mischief]
  4942 | D:4      | HP: 3/54 [something (18)]
  5061 | D:3      | XOM: draining
  5219 | D:4      | XOM: confuse monster(s)
  5231 | D:4      | Reached XP level 8. HP: 52/57 MP: 12/12
  5561 | D:4      | XOM: silly message
  5583 | D:5      | Entered Level 5 of the Dungeon
  5615 | D:5      | XOM: silly message
  5888 | D:5      | Noticed Prince Ribbit
  5917 | D:5      | Killed Prince Ribbit
  6173 | D:5      | Found a sparkling altar of Nemelex Xobeh.
  6183 | D:5      | XOM: 2-stop teleportation journey
  6506 | D:5      | Noticed Ijyb
  6509 | D:5      | XOM: give mutations
  6509 | D:5      | Gained mutation: Your body sometimes deteriorates upon
                  | taking damage. [Xom's mischief]
  6509 | D:5      | Gained mutation: You are very frail. (-20% HP) [Xom's
                  | mischief]
  6509 | D:5      | Gained mutation: You have extremely sharp teeth. [Xom's
                  | mischief]
  6509 | D:5      | Lost mutation: You have extremely sharp teeth. [Xom's
                  | mischief]
  6535 | D:5      | Killed Ijyb
  6616 | D:5      | Noticed Grinder
  6642 | D:5      | Killed Grinder
  6643 | D:5      | Reached XP level 9. HP: 37/58 MP: 13/15
  6967 | D:6      | XOM: enchant monster (good)
  6967 | D:6      | XOM: smoke on damage
  7156 | D:5      | Reached skill level 5 in Dodging
  7233 | D:5      | HP: 5/59 [ice beast (10)]
  7302 | D:6      | XOM: blink monster(s)
  7337 | D:6      | XOM: 1-stop teleportation journey
  7351 | D:6      | XOM: chaos upgrade
  7366 | D:6      | XOM: confuse monster(s)
  7616 | D:6      | Reached skill level 5 in Invocations
  7712 | D:6      | XOM: summons 4 hostile shadow creatures
  7724 | D:6      | HP: 11/56 [orc/+0 war axe[Xom] (4)]
  7863 | D:5      | XOM: give mutations
  7863 | D:5      | Gained mutation: You are clumsy. (Dex -2) [Xom's mischief]
  7863 | D:5      | Gained mutation: Your body often deteriorates upon taking
                  | damage. [Xom's mischief]
  7863 | D:5      | Gained mutation: You are dopey. (Int -2) [Xom's mischief]
  7863 | D:5      | Lost mutation: You are dopey. (Int -2) [Xom's mischief]
  8002 | D:6      | Found a runed translucent door.
  8003 | D:6      | Found a shimmering altar of Xom.
  8003 | D:6      | Noticed Trash5's ghost (novice MiFi)
  8004 | D:6      | Noticed a +2 long sword of chaos
  8058 | D:6      | XOM: 3-stop teleportation journey
  8152 | D:6      | Found a basalt altar of Yredelemnul.
  8152 | D:6      | Found a sacrificial altar of Ru.
  8189 | D:6      | XOM: swap monsters
  8211 | D:6      | XOM: swap monsters
  8354 | D:5      | HP: 8/54 [something (8)]
  8538 | D:6      | XOM: silly message
  8760 | D:6      | XOM: cast spell 'Summon Small Mammal'
  9076 | D:6      | XOM: silly message
  9147 | D:7      | Noticed a salamander
  9147 | D:7      | a shapeshifter changed into a salamander
  9173 | D:7      | XOM: confuse monster(s)
  9174 | D:7      | XOM: silly message
  9179 | D:7      | XOM: divination: detect items
  9184 | D:7      | Reached skill level 5 in Short Blades
  9184 | D:7      | Reached skill level 5 in Long Blades
  9184 | D:7      | Reached skill level 5 in Axes
  9184 | D:7      | Reached skill level 5 in Maces & Flails
  9184 | D:7      | Reached skill level 5 in Staves
  9184 | D:7      | Reached skill level 5 in Ranged Weapons
  9184 | D:7      | Reached skill level 5 in Throwing
  9184 | D:7      | Reached skill level 5 in Stealth
  9184 | D:7      | Reached skill level 5 in Shields
  9184 | D:7      | Reached skill level 5 in Unarmed Combat
  9184 | D:7      | Reached skill level 5 in Spellcasting
  9184 | D:7      | Reached skill level 5 in Evocations
  9184 | D:7      | Reached XP level 10. HP: 20/64 MP: 17/17
  9184 | D:7      | XOM: confuse monster(s)
  9185 | D:7      | Slain by a culicivora (shapeshifter)

Illustrated notes

Levels and vault maps discovered:
D:1:      giann_bridges, layout_basic, serial_shops, shop,
          dreamdust_ecumenical_altar_statues
D:2:      layout_loops_corners
D:3:      layout_basic, marbit_many_paths, serial_shops,
          nicolae_shop_behind_doors
D:4:      layout_rooms, gup_sewer_entry_spiral, ebering_ghost_sewer_d,
          chequers_mini_garden, uniq_duvessa, uniq_menkaure
D:5:      layout_loops_ring, mainiacjoe_overflow_six_doors_small,
          uniq_prince_ribbit1, uniq_grinder, uniq_ijyb
D:6:      layout_basic, gammafunk_temple_overflow_pools, ebering_ghost_xom,
          grunt_ministairs_13, abandoned_shop
D:7:      lemuel_ratsnest, layout_rooms, minmay_temple_entry_glassed_door,
          enter_bailey_2, minmay_misc_feat_rugged,
          chequers_hall_statues_corner_a, minmay_fire_ice_demons

Skill      XL: |  1  2  3  4  5  6  7  8  9 |
---------------+----------------------------+-----
Invocations    | 1 2 3 4 5 |  5.5
Short Blades   | 1 2 3 4 5 |  5.0
Long Blades    | 1 2 3 4 5 |  5.0
Axes           | 1 2 3 4 5 |  5.0
Maces & Flails | 1 2 3 4 5 |  5.0
Staves         | 1 2 3 4 5 |  5.0
Ranged Weapons | 1 2 3 4 5 |  5.0
Throwing       | 1 2 3 4 5 |  5.0
Stealth        | 1 2 3 4 5 |  5.0
Shields        | 1 2 3 4 5 |  5.0
Unarmed Combat | 1 2 3 4 5 |  5.0
Spellcasting   | 1 2 3 4 5 |  5.0
Evocations     | 1 2 3 4 5 |  5.0
Conjurations   | 1 2 3 4 |  4.1
Hexes          | 1 2 3 4 |  4.1
Summonings     | 1 2 3 4 |  4.1
Necromancy     | 1 2 3 4 |  4.1
Translocations | 1 2 3 4 |  4.1
Transmutations | 1 2 3 4 |  4.1
Fire Magic     | 1 2 3 4 |  4.1
Ice Magic      | 1 2 3 4 |  4.1
Air Magic      | 1 2 3 4 |  4.1
Earth Magic    | 1 2 3 4 |  4.1
Poison Magic   | 1 2 3 4 |  4.1
Dodging        | 3 4 5 |  5.7
Armour         | 5 6 |  6.8
Fighting       | 7 8 |  8.3
Polearms       | 7 8 |  8.3

Action                   |  1- 3 |  4- 6 |  7- 9 | 10-12 || total
-------------------------+-------+-------+-------+-------++-------
Melee: Spear             |    99 |   121 |   628 |     1 ||   849
       Bite              |     8 |     8 |    49 |       ||    65
       Punch             |       |     1 |       |       ||     1
Throw: Stone             |       |     1 |    31 |       ||    32
       Dart              |       |       |    25 |       ||    25
Evoke: Wand              |       |       |    29 |       ||    29
       Piece from Xom's  |       |       |     1 |       ||     1
  Use: Scroll            |       |     1 |    14 |       ||    15
       Potion            |       |       |     3 |       ||     3
 Stab: Sleeping          |     3 |       |     3 |       ||     6
       Paralysed         |       |       |     6 |       ||     6
Armor: Leather armour    |     2 |       |       |       ||     2
       Plate armour      |    38 |    57 |       |       ||    95
       Ring mail         |       |       |   213 |       ||   213
Dodge: Dodged            |    15 |    19 |   227 |       ||   261
Block: Buckler           |       |       |   107 |       ||   107

Table legend: (Time is in decaauts)
 A = Elapsed time spent in this place.
 B = Non-inter-level travel time spent in this place.
 C = Inter-level travel time spent in this place.
 D = Time resting spent in this place.
 E = Time spent auto-exploring this place.
 F = Levels seen in this place.
 G = Mean time per level.
                   A        B        C        D        E       F      G
               +--------+--------+--------+--------+--------+-----+--------+
         Total |   9107 |   8392 |    715 |   1172 |   5340 |   8 | 1138.4 |
       Dungeon |   8534 |   7819 |    715 |   1132 |   5160 |   7 | 1219.1 |
         Sewer |    573 |    573 |      0 |     40 |    180 |   1 |  573.0 |
               +--------+--------+--------+--------+--------+-----+--------+

Top non-repeatable levels by time:
     D:5: 2349 daAuts
     D:3: 1372 daAuts
     D:2: 1266 daAuts
     D:1: 1226 daAuts
     D:4: 1154 daAuts
     D:6: 1118 daAuts
   Sewer: 573 daAuts
     D:7: 47 daAuts
